 Dungeon Crawl Stone Soup version 0.31.0-12-g77e489cdc1 (webtiles) character file.

Game seed: 6371631863551477871

767 monsoonserge the Changeling (level 7, -3/28 (31) HPs)
             Began as a Felid Shapeshifter on Mar 5, 2024.
             Slain by Duvessa
             ... wielding a +0 short sword of draining
              (8 damage)
             ... on level 4 of the Dungeon.
             The game lasted 00:09:20 (3115 turns).

monsoonserge the Changeling (Felid Shapeshifter)    Turns: 3115, Time: 00:09:21

HP:   -3/28 (31)    AC:  2    Str: 12    XL:     7   Next: 52%
MP:   8/8           EV: 21    Int: 13    God:
Gold: 87            SH:  0    Dex: 16    Spells: 6/6 levels left
                                        Lives: 0   Deaths: 3

rFire   . .          .
                       - Unarmed
rCold   + . .        (shield unavailable)
rNeg    . . .        (body armour unavailable)
rPois   .            (helmet unavailable)
rElec   .            (cloak unavailable)
rCorr   .            (gloves unavailable)
SInv    +            (boots unavailable)
Will    +....        (no amulet)
Stlth   +            o - ring of protection from cold
HPRegen 0.24/turn    (no ring)
MPRegen 0.11/turn

%: no passive effects
@: flux-form, glowing, heavily drained
A: glow, contaminating, reduced hp, very small, claws 1, fangs 3, see invisible,
shaggy fur 2, stealthy paws, no weapons or thrown items, no armour, multi-lived
a: Begin Untransformation


You were on level 4 of the Dungeon.
You were something dangerously unstable.
You visited 1 branch of the dungeon, and saw 4 of its levels.
You also visited: Sewer.

You collected 87 gold pieces.

Inventory:

Jewellery
 o - a ring of protection from cold (left paw)
Talismans
 b - a beast talisman
 c - a flux talisman (active)
Wands
 p - a wand of roots (9)
Scrolls
 f - 2 scrolls of identify {unknown}
 h - 2 scrolls of blinking {unknown}
 i - 2 scrolls of fog {unknown}
 k - a scroll of teleportation {unknown}
 n - a scroll of fear {unknown}
Potions
 a - 2 potions of lignification
 d - a potion of enlightenment {unknown}
 e - a potion of curing
 g - a potion of might
 l - 2 potions of magic {unknown}
 m - a potion of haste {unknown}


   Skills:
 - Level 1.0 Fighting
 - Level 3.0 Dodging
 - Level 1.0 Stealth
 + Level 5.0 Unarmed Combat
 * Level 6.6 Shapeshifting


You had 6 spell levels left.
You didn't know any spells.
Your spell library contained the following spells:

 Spells                   Type           Power      Damage    Failure   Level
 Sting                    Conj/Alch      0%         1d3       30%         1
 Call Imp                 Summ           0%         N/A       43%         2
 Mercury Vapours          Alch/Air       0%         N/A       43%         2
 Sublimation of Blood     Necr           0%         N/A       43%         2
 Olgreb's Toxic Radiance  Alch           0%         N/A       97%         4
 Summon Hydra             Summ           0%         N/A       100%        7


Dungeon Overview and Level Annotations

Branches:
Dungeon (4/15)              Sewer (visited)
 Temple: D:4-7

Altars:

Shops:
D:1 [   D:3 ?

Annotations:
D:4 Duvessa


Innate Abilities, Weirdness & Mutations

You are something dangerously unstable.
You glow with magical radiation, making you easy to see and hit.
Foes you strike become dangerously contaminated with magical radiation.
Your maximum health is decreased, since you lack skill for your form.
You have sharp claws.
You have razor-sharp teeth.
You have supernaturally acute eyesight. (SInv)
You are covered in thick fur. (AC +2)
Your paws help you pounce on unaware monsters.
You are incapable of wielding weapons or throwing items.
You cannot wear armour.
You gain extra lives every three experience levels.


Message History

Duvessa twists and deforms.
Duvessa is moderately wounded.
Duvessa hits you with a +0 short sword of draining.
* * * LOW HITPOINT WARNING * * *
You feel drained.
You closely miss Duvessa.
Duvessa is moderately wounded.
Duvessa misses you. Duvessa closely misses you.
You closely miss Duvessa.
Duvessa is moderately wounded.
Duvessa misses you.
You scratch Duvessa.
Duvessa begins to glow.
You bite Duvessa, but do no damage.
Duvessa is moderately wounded.
Duvessa hits you with a +0 short sword of draining.
* * * LOW HITPOINT WARNING * * *
You feel drained. Duvessa misses you.
You scratch Duvessa.
Duvessa glows dangerously bright.
Duvessa is heavily wounded.
Duvessa completely misses you.
You scratch Duvessa but do no damage.
Duvessa shudders as magic cascades through her!
Duvessa twists and deforms.
Duvessa is severely wounded.
Duvessa closely misses you.
You scratch Duvessa.
Duvessa begins to glow.
Duvessa is severely wounded.
Duvessa barely misses you. Duvessa closely misses you.
You scratch Duvessa.
Duvessa glows dangerously bright.
You bite Duvessa.
Duvessa is severely wounded.
Duvessa closely misses you.
You scratch Duvessa.
Duvessa shudders as magic cascades through her.
Duvessa twists and deforms.
Duvessa is almost dead.
Duvessa completely misses you.
You scratch Duvessa.
Duvessa begins to glow.
Duvessa is almost dead.
Duvessa hits you with a +0 short sword of draining!
You die...

####.#####.#
#..........#
#>......##.##
#.<.....##..
#.(.....##.. #
#.......##.##.#
........##....####
#....(...##e##....#
#.#.....###p#......
#.#.....###........
#.#......##.###....
...........# ##
......#.####
.#...##.# #.#.##.#
#.#.##># #......#


You could see Duvessa (berserk, contam, misshapen).

Vanquished Creatures
  Grinder (D:3)
  A kobold brigand (Sewer)
  2 brain worms (Sewer)
  Dowan (D:4)
  A bombardier beetle (D:3)
  A hound (D:3)
  Jessica (D:3)
  Ijyb (D:3)
  Terence (D:3)
  3 gnolls
  5 river rats (Sewer)
  3 adders
  4 dart slugs
  11 orcs
  5 bats
  3 endoplasms
  2 giant cockroaches
  6 goblins
  5 hobgoblins
  3 jackals (Sewer)
  5 quokkas
  16 ball pythons
  8 frilled lizards
  5 kobolds
  15 rats
109 creatures vanquished.

Notes
Turn   | Place    | Note
-------+----------+-------------------------------------------
     0 | D:1      | monsoonserge the Felid Shapeshifter began the quest for the
                  | Orb.
     0 | D:1      | Reached XP level 1. HP: 10/10 MP: 2/2
    70 | D:1      | Reached skill level 3 in Shapeshifting
   105 | D:1      | Reached XP level 2. HP: 14/14 MP: 3/3
   454 | D:1      | Found Paottoxt's Antique Armour Shoppe.
   585 | D:1      | Reached XP level 3. HP: 14/18 MP: 4/4
  1232 | D:2      | Reached XP level 4. HP: 16/22 MP: 5/5
  1232 | D:2      | Gained a life (2 lives remaining)
  1345 | D:2      | Found a faded altar of an unknown god.
  1364 | D:3      | Found a glowing drain.
  1384 | Sewer    | Entered a sewer
  1498 | Sewer    | Reached skill level 1 in Stealth
  1598 | Sewer    | Reached skill level 4 in Shapeshifting
  1703 | Sewer    | Reached XP level 5. HP: 25/25 MP: 6/6
  1800 | Sewer    | HP: 1/25 [kobold brigand/+0 club (6)]
  1801 | Sewer    | Succumbed to a kobold brigand's curare-tipped dart
  1801 | Sewer    | Lost a life (1 life remaining)
  1807 | Sewer    | Reached skill level 5 in Shapeshifting
  1807 | Sewer    | Gained mutation: You are covered in thick fur. (AC +2)
                  | [Felid growth]
  1807 | Sewer    | Reached XP level 6. HP: 30/30 MP: 7/7
  2317 | D:3      | Found Wujyzau's Magic Scroll Shop.
  2399 | D:3      | Noticed Ijyb
  2409 | D:3      | HP: 1/30 [constriction (3)]
  2410 | D:3      | Slain by Ijyb
  2410 | D:3      | Lost a life (0 lives remaining)
  2488 | D:3      | Reached skill level 6 in Shapeshifting
  2488 | D:3      | Noticed Jessica
  2493 | D:3      | Killed Jessica
  2530 | D:3      | Noticed Grinder
  2539 | D:3      | Killed Grinder
  2540 | D:3      | Reached XP level 7. HP: 7/33 MP: 8/8
  2540 | D:3      | Gained a life (1 life remaining)
  2540 | D:3      | Constricted to death by Ijyb
  2540 | D:3      | Lost a life (0 lives remaining)
  2577 | D:3      | Noticed Terence
  2583 | D:3      | Killed Terence
  2741 | D:3      | Killed Ijyb
  3003 | D:4      | Noticed Duvessa
  3003 | D:4      | Noticed Dowan
  3102 | D:4      | Killed Dowan
  3103 | D:4      | Reached skill level 5 in Unarmed Combat
  3115 | D:4      | Slain by Duvessa

Illustrated notes

Levels and vault maps discovered:
D:1:      lightli_arrival_chessboard, layout_basic, serial_shops, shop,
          st_stairs_6
D:2:      layout_loops_ring, chequers_ecumenical_altar_simple_redux,
          minmay_hexomino_r4
D:3:      layout_loops_ring, cheibrodos_sewer_entry_drain, serial_shops,
          nicolae_shop_rolled_up, uniq_jessica, uniq_ijyb, uniq_terence,
          uniq_grinder
D:4:      layout_loops_cross, nicolae_overflow_hallway_of_the_gods,
          uniq_crazy_yiuf_cottage, uniq_duvessa, uniq_robin

Skill      XL: |  1  2  3  4  5  6  7 |
---------------+----------------------+-----
Shapeshifting  | 3 4 5 6 |  6.6
Dodging        | 3 |  3.0
Stealth        | 1 |  1.0
Unarmed Combat | 4 5 |  5.0
Fighting       | |  1.0

Action                     |  1- 3 |  4- 6 |  7- 9 || total
---------------------------+-------+-------+-------++-------
  Melee: Unarmed           |    99 |   143 |    51 ||   293
         Bite              |     8 |    19 |     8 ||    35
         Punch             |     1 |     7 |       ||     8
    Use: Potion            |       |     2 |       ||     2
         Scroll            |       |       |     1 ||     1
   Stab: Sleeping          |     1 |     3 |       ||     4
 Armour: Skin              |    32 |    28 |    13 ||    73
  Dodge: Dodged            |    57 |    97 |    39 ||   193
   Form: Flux              |       |     1 |       ||     1
